 Dungeon Crawl Stone Soup version 0.20-a0-828-gbdc6353 (webtiles) character file.

3463 Aksej the Carver (level 10, -9/66 HPs)
             Began as an Octopode Monk on Mar 6, 2017.
             Mangled by an orc warrior
             ... wielding a +0 war axe
              (25 damage)
             ... on level 8 of the Dungeon.
             The game lasted 00:18:08 (8099 turns).

Aksej the Carver (Octopode Monk)                    Turns: 8099, Time: 00:18:09

Health: -9/66      AC:  2    Str: 10    XL:     10   Next: 6%
Magic:  19/19      EV: 18    Int: 16    God:
Gold:   39         SH:  2    Dex: 17    Spells: 9/9 levels left

rFire    + . .     SeeInvis .   a - +3 long sword
rCold    . . .     Gourm    .   (no shield)
rNeg     + . .     Faith    .   r - +1 hat
rPois    +         Spirit   .   s - +2 amulet of reflection
rElec    .         Reflect  +   j - ring of protection from fire
rCorr    .         Harm     .   h - ring of magical power
MR       .....                  t - +2 ring of evasion
Stlth    +++++.....             m - ring of poison resistance
Regen    0.3/turn               v - ring of positive energy
MPRegen  0.2/turn               (no ring)
                                (no ring)
                                (no ring)

@: no status effects
A: almost no armour, stealthy swim, amphibious, 8 rings, constrict 8, camouflage
1, blink, clever 1, gelatinous body 1
a: Blink


You were on level 8 of the Dungeon.
You were not hungry.

You visited 2 branches of the dungeon, and saw 9 of its levels.

You collected 362 gold pieces.
You spent 323 gold pieces at shops.

Inventory:

Hand Weapons
 a - a +3 long sword (weapon)
Missiles
 u - 4 tomahawks (quivered)
 D - 3 javelins
Armour
 r - a +1 hat (worn)
Jewellery
 h - a ring of magical power (right tentacle)
 j - a ring of protection from fire (left tentacle)
 m - a ring of poison resistance (on tentacle)
 s - a +2 amulet of reflection (around mantle)
 t - a +2 ring of evasion (on tentacle)
 v - a ring of positive energy (on tentacle)
Wands
 e - a wand of flame (18/48)
 B - a wand of clouds (1/9)
 C - a wand of disintegration (13/24)
Scrolls
 i - 5 scrolls of teleportation
 l - 5 scrolls of remove curse
 w - 3 scrolls of identify
 y - a scroll of recharging
Potions
 f - a potion of flight
 k - a potion of curing
 n - a potion of heal wounds
 o - a potion of lignification
 x - a potion of invisibility
 z - a potion of berserk rage
 A - a potion of agility
Books
 p - a book of Misfortune

   Spells                             Type                      Level
   a - Confusing Touch                Hexes                        1
   b - Confuse                        Hexes                        3
   c - Gell's Gravitas                Translocation                3
   d - Petrify                        Transmutation/Earth          4
   e - Metabolic Englaciation         Hexes/Ice                    5
   f - Yara's Violent Unravelling     Hexes/Transmutation          5
 q - a book of Geomancy

   Spells                             Type                      Level
   a - Sandblast                      Earth                        1
   b - Passwall                       Transmutation/Earth          2
   c - Stone Arrow                    Conjuration/Earth            3
   d - Petrify                        Transmutation/Earth          4
   e - Lee's Rapid Deconstruction     Earth                        5
Comestibles
 b - 7 bread rations
 c - 5 fruits
 d - 3 meat rations
 g - 3 royal jellies
 E - 6 chunks of flesh


   Skills:
 + Level 5.5 Fighting
 * Level 11.7 Long Blades
 + Level 0.4 Throwing
 + Level 5.0 Dodging
 + Level 7.6 Stealth


You had 9 spell levels left.
You didn't know any spells.

Dungeon Overview and Level Annotations

Branches:
Dungeon (8/15)             Temple (1/1) D:6
   Lair: D:8-11

Altars:
Ashenzari
Cheibriados
Dithmenos
Fedhas
Gozag
Hepliaklqana
Kikubaaqudgha
Makhleb
Nemelex Xobeh
Okawaru
Qazlal
Ru
Sif Muna
Trog
Uskayaw
Vehumet
Xom
Zin
The Shining One

Shops:
D:4 [=**[   D:8 *!


Innate Abilities, Weirdness & Mutations

You cannot wear most types of armour.
You are very stealthy in the water. (Stealth+)
You are amphibious.
You can wear up to eight rings at the same time.
You can use your tentacles to constrict eight enemies at once.
Your skin changes colour to match your surroundings (Stealth+).
Your rubbery body absorbs attacks. (AC +1, EV +1)
You can translocate small distances at will.
Your mind is acute. (Int +2)


Message History

You constrict the orc warrior, but do no damage.
The orc warrior hits you with a war axe!!
You slash the orc warrior!
The orc warrior is moderately wounded.
You constrict the orc warrior, but do no damage.
The orc warrior hits you with a war axe!
You hit the orc warrior. You squeeze the orc warrior.
The orc warrior is heavily wounded.
You constrict the orc warrior, but do no damage.
You completely miss the orc warrior.
The orc warrior is heavily wounded.
You constrict the orc warrior, but do no damage.
The orc warrior hits you with a war axe!
* * * LOW HITPOINT WARNING * * *
You hit the orc warrior but do no damage.
Your squeeze misses the orc warrior.
The orc warrior is heavily wounded.
You constrict the orc warrior, but do no damage.
The orc warrior hits you with a war axe!!
You die...

.## .. ##. ###
###.###... ##########
#....#... #...@ooo.#
#.....####
#.######.###.........
#. #.<..o.o...:# #.
#.#......##.#
#.####.######.# .#
#......# #.# .#
#####..# #.# .# #..##
##$. .#
############...#.....#
##


You could see an orc warrior and 2 orcs.

Vanquished Creatures
  A two-headed ogre (D:7)
  Pikel (D:6)
  Menkaure (D:6)
  An orc warrior (D:6)
  A black bear (D:5)
  2 phantoms
  2 ice beasts
  3 ogres
  A wolf (D:8)
  A centaur (D:5)
  A bullfrog (D:8)
  A wyvern skeleton (D:7)
  2 scorpions (D:6)
  8 wights
  A crimson imp (D:5)
  A bullfrog zombie (D:5)
  5 hounds
  Crazy Yiuf (D:4)
  2 jellies
  An orc wizard (D:5)
  Natasha (twice) (D:4)
  An iguana (D:5)
  5 worker ants
  A hound zombie (D:5)
  8 adders
  A shadow imp (D:6)
  2 oozes
  An adder skeleton (D:4)
  3 worms
  3 dart slugs
  6 leopard geckos
  11 orcs
  6 giant cockroaches
  5 hobgoblins
  3 jackals (D:3)
  10 kobolds
  4 quokkas
  2 ball pythons
  6 bats
  6 frilled lizards
  5 goblins
  A jackal skeleton (D:7)
  A jackal zombie (D:5)
  7 rats
137 creatures vanquished.

Vanquished Creatures (collateral kills)
  Natasha (D:4)
1 creature vanquished.

Vanquished Creatures (others)
  A shadow imp (D:6)
1 creature vanquished.

Grand Total: 139 creatures vanquished

Notes
Turn   | Place    | Note
-------+----------+-------------------------------------------
     0 | D:1      | Aksej the Octopode Monk began the quest for the Orb.
     0 | D:1      | Reached XP level 1. HP: 16/16 MP: 1/1
   305 | D:1      | Reached XP level 2. HP: 9/21 MP: 2/2
   653 | D:1      | Reached XP level 3. HP: 11/26 MP: 3/3
  1256 | D:2      | Found a shimmering altar of Xom.
  1427 | D:2      | Reached skill level 4 in Long Blades
  1844 | D:2      | Reached XP level 4. HP: 28/31 MP: 4/4
  2343 | D:3      | Found a hide-covered altar of Uskayaw.
  2366 | D:3      | HP: 1/31 [worker ant (3)]
  3063 | D:3      | Found a faded altar of an unknown god.
  3158 | D:4      | Noticed a phantom
  3238 | D:4      | Reached XP level 5. HP: 22/36 MP: 5/5
  3505 | D:4      | Found Hibydoq's Antique Armour Shoppe.
  3507 | D:4      | Noticed Natasha
  3513 | D:4      | Killed Natasha
  3513 | D:4      | Reached skill level 5 in Long Blades
  3536 | D:4      | Noticed Natasha
  3539 | D:4      | Killed Natasha
  3681 | D:4      | Found a deep blue altar of Sif Muna.
  3732 | D:4      | Killed a phantom
  3732 | D:4      | Reached XP level 6. HP: 5/42 MP: 6/6
  4092 | D:4      | Found Oreolar's Jewellery Emporium.
  4117 | D:4      | Bought a +2 amulet of reflection for 97 gold pieces
  4117 | D:4      | Bought a +2 ring of evasion for 130 gold pieces
  4149 | D:4      | Found Baecleoq's Assorted Antiques.
  4159 | D:4      | Reached skill level 6 in Long Blades
  4181 | D:4      | Bought a scroll labeled YRACAESYASCH for 21 gold pieces
  4185 | D:4      | Noticed Natasha
  4189 | D:4      | Killed Natasha
  4189 | D:4      | Reached skill level 5 in Stealth
  4219 | D:4      | Found Ybunaf's General Store.
  4265 | D:4      | Found a runed door.
  4280 | D:4      | Noticed Crazy Yiuf
  4287 | D:4      | Killed Crazy Yiuf
  4287 | D:4      | Reached XP level 7. HP: 24/46 MP: 7/7
  4518 | D:4      | Found Qoyc's Antique Armour Emporium.
  4530 | D:5      | Entered Level 5 of the Dungeon
  4728 | D:5      | Gained mutation: You can translocate small distances at will. [potion of mutation]
  4728 | D:5      | Gained mutation: Your mind is acute. (Int +2) [potion of mutation]
  4743 | D:5      | Reached skill level 7 in Long Blades
  4775 | D:5      | Found a hazy altar of Hepliaklqana.
  5117 | D:5      | Reached XP level 8. HP: 47/54 MP: 8/8
  5180 | D:5      | Reached skill level 8 in Long Blades
  5796 | D:5      | Reached skill level 9 in Long Blades
  6074 | D:6      | Noticed Pikel
  6082 | D:6      | Killed Pikel
  6082 | D:6      | Reached skill level 10 in Long Blades
  6082 | D:6      | Reached XP level 9. HP: 53/60 MP: 9/9
  6147 | D:6      | Found a staircase to the Ecumenical Temple.
  6153 | Temple   | Entered the Ecumenical Temple
  6636 | D:6      | Noticed Menkaure
  6640 | D:6      | Killed Menkaure
  7214 | D:7      | Reached skill level 5 in Fighting
  7449 | D:7      | Noticed a two-headed ogre
  7459 | D:7      | HP: 1/61 [two-headed ogre/giant club (19)]
  7470 | D:7      | Killed a two-headed ogre
  7470 | D:7      | Reached skill level 11 in Long Blades
  7470 | D:7      | Reached skill level 5 in Dodging
  7604 | D:7      | Found a snail-covered altar of Cheibriados.
  7902 | D:8      | Found Eqoidoemi's General Store.
  7956 | D:8      | Bought a potion of berserk rage for 75 gold pieces
  7967 | D:8      | Found Viech's Distillery.
  7980 | D:8      | Reached XP level 10. HP: 61/66 MP: 10/10
  8019 | D:8      | Noticed a two-headed ogre
  8099 | D:8      | Mangled by an orc warrior

Vault maps used:
D:1:      minmay_arrival_four_circles, interstate_on_off
D:2:      lemuel_coloured_pillars_altar, first_bread, minmay_misc_feat_ornament,
          moated_statue
D:3:      eat_drink_and_be_merry_uskayaw, chequers_ecumenical_altar_twisty,
          kennysheep_nub
D:4:      nicolae_overflow_crystal_walls, serial_shops, kennysheep_little_box,
          shop, shop_coins, kennysheep_mini, nicolae_shop_waterfront,
          columned_hall_lemuel, uniq_natasha, uniq_crazy_yiuf_cottage
D:5:      lemuel_doored_altar
D:6:      minmay_temple_entry_hall, uniq_pikel, uniq_menkaure
D:7:      kennysheep_mini_moat
D:8:      yredelemnul_forgotten_temple_becter, erik_lair_island, serial_shops,
          shop, nicolae_shop_trees, shop_statue, nicolae_shop_trees,
          nicolae_shop_behind_doors
Temple:   eino_temple_lava

Skill      XL: |  1  2  3  4  5  6  7  8  9 |
---------------+----------------------------+-----
Stealth        | 3 4 5 6 7 |  7.6
Long Blades    | 4 5 6 7 10 11 | 11.7
Fighting       | 4 5 |  5.5
Dodging        | 4 5 |  5.0
Throwing       | |  0.4

Action                   |  1- 3 |  4- 6 |  7- 9 | 10-12 || total
-------------------------+-------+-------+-------+-------++-------
Melee: Falchion          |    63 |    87 |    53 |       ||   203
       Constrict         |    17 |    19 |    39 |     6 ||    81
       Tentacles         |    16 |    23 |    50 |     5 ||    94
       Long sword        |       |       |   136 |    19 ||   155
Throw: Tomahawk          |       |       |     1 |       ||     1
  Use: Scroll            |    10 |     6 |     5 |       ||    21
       Potion            |     2 |     7 |     3 |       ||    12
 Stab: Sleeping          |     6 |    10 |    12 |       ||    28
       Distracted        |     1 |     1 |     2 |       ||     4
  Eat: Chunk             |     2 |     4 |     5 |     2 ||    13
       Meat ration       |       |     1 |     1 |       ||     2
Armor: Skin              |     3 |     5 |    11 |     1 ||    20
Dodge: Dodged            |    43 |    48 |   140 |     8 ||   239
Block: Other             |       |     2 |    10 |     2 ||    14
       Rpst.: Falchion   |    13 |    20 |    14 |       ||    47
       Long sword        |       |       |    35 |     4 ||    39
